 Dungeon Crawl Stone Soup version 0.31-a0-233-g139696dc86 (webtiles) character file.

Game seed: 4124157040450140120

86 qw the Shooter (level 4, -1/36 HPs)
             Began as a Minotaur Hexslinger on July 9, 2023.
             Slain by a goblin
             ... wielding a +0 club
             ... led by Robin
              (3 damage)
             ... on level 2 of the Dungeon.
             The game lasted 00:00:36 (1363 turns).

qw the Shooter (Minotaur Hexslinger)                Turns: 1363, Time: 00:00:37

Health: -1/36      AC:  3    Str: 12    XL:     4   Next: 26%
Magic:  4/4        EV: 12    Int: 10    God:
Gold:   125        SH:  0    Dex: 15    Spells: 4/5 levels left

rFire   . . .        Y - +1 sling (chaos)
rCold   . . .        (no shield)
rNeg    . . .        e - +0 leather armour
rPois   .            (helmet restricted)
rElec   .            (no cloak)
rCorr   .            (no gloves)
SInv    .            (no boots)
Will    .....        (no amulet)
Stlth   +            (no ring)
HPRegen 0.26/turn    (no ring)
MPRegen 0.09/turn

%: no passive effects
@: no status effects
A: horns 2, retaliatory headbutt
a: no special abilities


You were on level 2 of the Dungeon.
You visited 1 branch of the dungeon, and saw 3 of its levels.

You collected 125 gold pieces.


Innate Abilities, Weirdness & Mutations

You have a pair of horns on your head.
You reflexively headbutt those who attack you in melee.


   Skills:
 - Level 2.0 Fighting
 + Level 4.8 Ranged Weapons
 - Level 2.1 Dodging
 - Level 1.0 Spellcasting
 - Level 2.0 Hexes


You had 4 spell levels left.
You knew the following spells:

 Your Spells              Type           Power      Damage    Failure   Level
a - Slow                  Hex            16%        N/A       19%         1

Your spell library contained the following spells:

 Spells                   Type           Power      Damage    Failure   Level
 Inner Flame              Hex/Fire       2%         N/A       65%         3
 Portal Projectile        Hex/Tloc       4%         N/A       65%         3
 Cause Fear               Hex            2%         N/A       88%         4

Inventory:

Hand Weapons
 Y - a +1 sling of chaos (weapon)
Armour
 e - a +0 leather armour (worn)
Potions
 d - a potion of mutation {unknown}
 f - a potion of cancellation {unknown}

Dungeon Overview and Level Annotations

Branches:
Dungeon (3/15)

Altars:

Shops:
D:1 *

Annotations:
D:3 Robin


Message History

You kill the hobgoblin!
The sleepcap releases spores at the sleepcap.
The goblin hits you with a +0 club. The goblin barely misses you.
The goblin hits you but does no damage.
The sleepcap releases spores at the sleepcap.
You shoot a sling bullet. The sling bullet hits the sleepcap.
You feel better.
The sleepcap is severely damaged.
The sleepcap completely misses you. The goblin barely misses you.
The sleepcap releases spores at the sleepcap.
The goblin hits you with a +0 club. The goblin completely misses you.
You shoot a sling bullet.
The sling bullet hits the sleepcap but does no damage.
The sleepcap is almost destroyed.
The sleepcap barely misses you. You furiously retaliate!
You headbutt the sleepcap. The goblin barely misses you.
You furiously retaliate!
You headbutt the goblin!
You kill the goblin!
The sleepcap releases spores at the sleepcap but does no damage.
The goblin barely misses you. x2
You shoot a sling bullet.
The sling bullet hits the sleepcap but does no damage.
The sleepcap is almost destroyed.
The sleepcap releases spores at you but does no damage.
The goblin hits you with a +0 club. x2
The sleepcap releases spores at the sleepcap.
The sleepcap is destroyed!
You shoot a sling bullet.
The sling bullet closely misses the goblin.
The goblin completely misses you. The goblin hits you with a +0 club.
The sleepcap closely misses the goblin.
The goblin hits you but does no damage. The goblin hits you with a +0 club.
The sleepcap closely misses the goblin.
You shoot a sling bullet.
The sling bullet completely misses the goblin.
The goblin hits you with a +0 club. x2
The sleepcap releases spores at the goblin.
The goblin dies!
You shoot a sling bullet.
The sling bullet closely misses the goblin.
The goblin hits you with a +0 club.
You die...

###.#....# #.............#
.##.#....# #.............#
.##.#....# #.........¤...#
.##.#.#########.........¤¤¤.#
.##...........#.........¤¤¤¤#
.####.#######.#.........¤¤¤¤#
......#<......#.........¤.¤¤#
#####.#########..g..........#
..............')@.........¤.#
###############.f)..........#
######## #.............#
.......# ##'############
######.# #.# <..###.# #.#
.....#.# ##'######## #....#.#
#.........#
'....#'########.........#


You could see a goblin and a neutral sleepcap (distracted).

Vanquished Creatures
  An adder (D:2)
  A worm (D:2)
  7 endoplasms
  A giant cockroach (D:1)
  6 goblins
  5 hobgoblins
  10 jackals (D:1)
  5 kobolds
  3 quokkas
  2 ball pythons (D:1)
  2 bats (D:1)
  3 frilled lizards
  4 rats
50 creatures vanquished.

Vanquished Creatures (others)
  A sleepcap (D:2)
  A goblin (D:2)
2 creatures vanquished.

Grand Total: 52 creatures vanquished

Notes
Turn   | Place    | Note
-------+----------+-------------------------------------------
     0 | D:1      | qw the Minotaur Hexslinger began the quest for the Orb.
     0 | D:1      | Reached XP level 1. HP: 16/16 MP: 1/1
     0 | D:1      | 0 ||| qw: Version: 0.3-a-51-g015441d
     0 | D:1      | 0 ||| qw: Game counter: 3931
     0 | D:1      | 0 ||| qw: Melee chars always use a shield: true
     0 | D:1      | 0 ||| qw: God list: Okawaru
     0 | D:1      | 0 ||| qw: Allow faded altars: false
     0 | D:1      | 0 ||| qw: Do Orc after clearing Dungeon:15 true
     0 | D:1      | 0 ||| qw: Do second Lair branch before Depths: true
     0 | D:1      | 0 ||| qw: Lair rune preference: random
     0 | D:1      | 0 ||| qw: Goals: Normal
     0 | D:1      | 0 ||| PLANNING D:1-11
    73 | D:1      | Reached skill level 3 in Ranged Weapons
    75 | D:1      | Reached XP level 2. HP: 23/23 MP: 2/2
   145 | D:1      | Found a faded altar of an unknown god.
   325 | D:1      | Found Guatypre's General Store.
   340 | D:1      | 340 ||| SHOPLISTING potion of haste (140 gold, have 30).
   340 | D:1      | 340 ||| SHOPLISTING potion of might (56 gold, have 30).
   340 | D:1      | 340 ||| SHOPLISTING potion of mutation (112 gold, have 30).
   340 | D:1      | 340 ||| SHOPLISTING scroll of enchant armour (105 gold,
                  | have 30).
   340 | D:1      | 340 ||| SHOPLISTING scroll of enchant weapon (105 gold,
                  | have 30).
   438 | D:1      | Reached XP level 3. HP: 29/29 MP: 3/3
   567 | D:1      | 567 ||| READING scroll labelled SAMMAL UTIBOAZ.
   568 | D:1      | 568 ||| READING scroll labelled GAYS KOWICSAZUF.
   569 | D:1      | 569 ||| READING 3 scrolls labelled XATYUB REEZAROIDD.
   570 | D:1      | 570 ||| DROPPING scroll of poison.
   571 | D:1      | 571 ||| DROPPING 2 scrolls of fear.
   651 | D:2      | Reached skill level 4 in Ranged Weapons
  1062 | D:2      | 1062 ||| FLEEEEING.
  1063 | D:2      | 1063 ||| FLEEEEING.
  1270 | D:2      | 1270 ||| UPGRADING to +0 leather armour.
  1280 | D:2      | 1280 ||| DROPPING +0 robe.
  1281 | D:2      | 1281 ||| READING scroll labelled YLLI BEGREAR.
  1282 | D:2      | 1282 ||| READING 2 scrolls labelled FENWOC BOENWAESTRE.
  1283 | D:2      | 1283 ||| DROPPING scroll of fog.
  1299 | D:3      | 1299 ||| STAIRDANCE
  1309 | D:2      | Reached XP level 4. HP: 27/36 MP: 4/4
  1354 | D:3      | Noticed Robin
  1355 | D:3      | 1355 ||| STAIRDANCE
  1357 | D:2      | HP: 8/36 [goblin/+0 club[Robin] (4)]
  1362 | D:2      | HP: 2/36 [goblin/+0 club[Robin] (2)]
  1363 | D:2      | Slain by a goblin

Levels and vault maps discovered:
D:1:      lemuel_arrival_behind_the_door_large, layout_basic,
          ebering_ecumenical_altar_webs, serial_shops, shop,
          dreamdust_princess_bridge
D:2:      layout_basic
D:3:      layout_rooms, cheibrodos_ashenzari_chains, fountainhead, uniq_robin

Skill      XL: |  1  2  3 |
---------------+----------+-----
Ranged Weapons | 3 4 |  4.8
Fighting       | 2 |  2.0
Dodging        | |  2.1
Spellcasting   | |  1.0
Hexes          | |  2.0

Action                     |  1- 3 |  4- 6 || total
---------------------------+-------+-------++-------
   Fire: Sling             |   126 |    11 ||   137
    Use: Scroll            |     5 |       ||     5
 Armour: Robe              |     7 |       ||     7
         Leather armour    |     2 |     5 ||     7
  Dodge: Dodged            |    38 |    21 ||    59

Table legend:
 A = Non-vault XP
 B = Vault XP
 C = Vault XP percentage of total XP
 D = Non-vault monster count
 E = Vault monster count
 F = Vault count percentage of total count
                 A         B        C        D         E       F
            +---------+---------+-------+---------+---------+-------
      Total |     111 |      12 |   9.8 |      45 |       6 |  11.8
            +---------+---------+-------+---------+---------+-------
        D:1 |      57 |       0 |   0.0 |      31 |       0 |   0.0
        D:2 |      54 |       8 |  12.9 |      14 |       4 |  22.2
        D:3 |       0 |       4 | 100.0 |       0 |       2 | 100.0
            +---------+---------+-------+---------+---------+-------
